 Dungeon Crawl Stone Soup version 0.29.1-15-g9cfb28693d (webtiles) character file.

Game seed: 10855256314126384863

482 Hugehornet the Digger (level 7, 0/40 HPs)
             Began as a Gargoyle Earth Elementalist on Mar 20, 2023.
             Slain by Duvessa
             ... wielding a +0 short sword
              (10 damage)
             ... on level 4 of the Dungeon.
             The game lasted 00:14:12 (4733 turns).

Hugehornet the Digger (Gargoyle Earth Elementalist) Turns: 4733, Time: 00:14:13

Health: 0/40       AC: 12    Str: 11    XL:     7   Next: 12%
Magic:  6/10       EV: 10    Int: 18    God:
Gold:   198        SH:  0    Dex: 10    Spells: 7/10 levels left

rFire   + . .      SeeInvis .   p - +0 dagger (venom)
rCold   . . .      Faith    .   (no shield)
rNeg    + . .      Spirit   .   z - +0 ring mail
rPois   ∞          Reflect  .   (no helmet)
rElec   +          Harm     .   (no cloak)
rCorr   .          Rampage  .   i - +0 pair of gloves
Will    .....      Clarity  +   (no boots)
Stlth   +.........              (no amulet)
HPRegen 0.13/turn               u - ring of fire
MPRegen 0.12/turn               (no ring)

@: about to teleport
A: sickness immunity, AC +4, negative energy resistance 1, electricity
resistance, torment resistance 1, petrification resistance, clarity, cold
resistance 1
a: no special abilities


You were on level 4 of the Dungeon.
You visited 1 branch of the dungeon, and saw 4 of its levels.

You collected 198 gold pieces.

Inventory:

Hand Weapons
 d - a +0 flail
 k - a +0 glaive
 p - a +0 dagger of venom (weapon)
 r - a +0 hand axe
 C - a +0 short sword of electrocution
 D - a +3 vampiric dagger
Missiles
 A - a throwing net
Armour
 a - a +0 robe
 g - a +0 chain mail
 i - a +0 pair of gloves (worn)
 j - a +0 leather armour
 t - a +0 plate armour
 z - a +0 ring mail (worn)
 B - a +0 pair of boots
Jewellery
 u - a ring of fire (left hand)
Wands
 h - a wand of flame (5)
 y - a wand of digging (6)
Scrolls
 c - a scroll of brand weapon
 f - a scroll of amnesia {unknown}
 m - a scroll of torment {unknown}
 o - a scroll of vulnerability {unknown}
 v - a scroll of summoning {unknown}
 w - a scroll of immolation {unknown}
Potions
 b - 2 potions of magic
 e - 2 potions of flight
 n - a potion of resistance
 s - a potion of mutation
 x - a potion of curing


   Skills:
 + Level 2.8 Fighting
 * Level 1.6 Short Blades
 - Level 1.4(1.9) Axes
 - Level 2.0(2.3) Maces & Flails
 * Level 4.4 Armour
 - Level 1.5 Dodging
 - Level 2.1 Stealth
 + Level 2.3 Spellcasting
 * Level 1.7 Transmutations
 * Level 4.4 Earth Magic


You had 7 spell levels left.
You knew the following spells:

 Your Spells              Type           Power      Damage    Failure   Level
a - Sandblast             Erth           36%        2d10      6%          1
b - Passwall              Tmut/Erth      10%        N/A       16%         2

Your spell library contained the following spells:

 Spells                   Type           Power      Damage    Failure   Level
 Stone Arrow              Conj/Erth      20%        3d8       43%         3
 Petrify                  Tmut/Erth      13%        N/A       71%         4
 Leda's Liquefaction      Hex/Erth       5%         N/A       83%         4
 Lee's Rapid Deconstruct  Erth           9%         3d8*      86%         5
 Statue Form              Tmut/Erth      Unusable   N/A       N/A         6

Dungeon Overview and Level Annotations

Branches:
Dungeon (4/15)
 Temple: D:4-7

Altars:
Nemelex Xobeh

Annotations:
D:4 Duvessa


Innate Abilities, Weirdness & Mutations

You are immune to sickness and miasma.
Your stone body is resilient. (AC +4)
You are immune to poison.
You resist negative energy. (rN+)
You are resistant to electric shocks. (rElec)
You are resistant to unholy torment.
You are immune to petrification.
You possess an exceptional clarity of mind.
Your flesh is cold resistant. (rC+)


Message History

Casting: Sandblast (safe; 6% risk of failure)
Confirm with . or Enter, or press ? or * to list all spells.
Aiming: Sandblast (safe; 6% risk of failure)
Press: ? - help, Shift-Dir - straight line, f/p - Duvessa
Aim: Duvessa, wielding a +0 short sword and wearing a +0 leather armour (lightly wounded, berserk, 84% to hit)
The blast of sand hits Duvessa!
Duvessa is moderately wounded.
Duvessa hits you with a +0 short sword. x2
* * * LOW HITPOINT WARNING * * *
Duvessa hits you but does no damage.
You feel much better. Duvessa hits you with a +0 short sword!
Casting: Sandblast (safe; 6% risk of failure)
Confirm with . or Enter, or press ? or * to list all spells.
Aiming: Sandblast (safe; 6% risk of failure)
Press: ? - help, Shift-Dir - straight line, f/p - Duvessa
Aim: Duvessa, wielding a +0 short sword and wearing a +0 leather armour (moderately wounded, berserk, 84% to hit)
The blast of sand hits Duvessa.
Duvessa is moderately wounded.
Duvessa barely misses you. Duvessa hits you but does no damage.
Duvessa hits you with a +0 short sword!
* * * LOW HITPOINT WARNING * * *
You feel much better. Duvessa misses you.
You feel better. Duvessa hits you with a +0 short sword.
Duvessa closely misses you.
As you read the scroll of teleportation, it crumbles to dust.
You feel strangely unstable. Duvessa misses you.
You barely miss Duvessa.
Duvessa is moderately wounded.
Duvessa hits you with a +0 short sword.
You hit Duvessa.
Duvessa is poisoned.
Duvessa is heavily wounded.
Duvessa hits you with a +0 short sword. x2
You closely miss Duvessa.
Duvessa is heavily wounded.
Duvessa hits you with a +0 short sword!
* * * LOW HITPOINT WARNING * * *
You hit Duvessa but do no damage.
Duvessa looks as sick as possible!
Duvessa is heavily wounded.
Duvessa hits you with a +0 short sword!
You die...

###.## #.#.........#.#.## #.###
##...#####.#...####.##.##.###....
.................#...............
##.............#.##.##.##.#......
##.######.##....................
### #.###.######...###.#####
#.###.## ##..# #.#
#.##..e######..# #.#
#....#.@...(...# #.# #####
####...#######.# #.# ....# ##.##
#..##.# ###.# ###.# ##.# .# #.#
#...# .# #.# #.### .# #.# #.# .#
#.# #.# #.# #.# #.# #.#


You could see Duvessa (berserk, extremely poisoned).

Vanquished Creatures
  An ogre (D:4)
  Blork the orc (D:4)
  Dowan (D:4)
  A jelly (D:4)
  An orc priest (D:4)
  A hound (D:3)
  Ijyb (D:4)
  An orc wizard (D:4)
  5 adders (D:2)
  An ufetubus (D:4)
  2 worms (D:2)
  2 dart slugs (D:3)
  6 orcs
  5 endoplasms
  A giant cockroach (D:1)
  5 hobgoblins
  5 jackals
  5 kobolds
  5 quokkas
  7 ball pythons
  8 bats
  2 frilled lizards (D:2)
  11 goblins
  4 rats (D:1)
82 creatures vanquished.

Notes
Turn   | Place    | Note
-------+----------+-------------------------------------------
     0 | D:1      | Hugehornet the Gargoyle Earth Elementalist began the quest
                  | for the Orb.
     0 | D:1      | Reached XP level 1. HP: 10/10 MP: 3/3
   174 | D:1      | Reached skill level 1 in Armour
   249 | D:1      | Reached XP level 2. HP: 15/16 MP: 5/5
   464 | D:1      | Reached skill level 1 in Fighting
   643 | D:1      | You fall into a shaft and drop 1 floor!
   922 | D:1      | Reached XP level 3. HP: 18/20 MP: 6/6
  1623 | D:2      | Reached skill level 1 in Maces & Flails
  1623 | D:2      | Reached XP level 4. HP: 26/26 MP: 7/7
  1708 | D:2      | Found a faded altar of an unknown god.
  2698 | D:3      | Reached skill level 1 in Axes
  2698 | D:3      | Reached XP level 5. HP: 30/30 MP: 8/8
  2702 | D:3      | Found a sparkling altar of Nemelex Xobeh.
  3423 | D:3      | Gained mutation: Your flesh is cold resistant. (rC+)
                  | [potion of mutation]
  3423 | D:3      | Gained mutation: You possess an exceptional clarity of
                  | mind. [potion of mutation]
  3471 | D:4      | Noticed Ijyb
  3492 | D:4      | Killed Ijyb
  3657 | D:4      | Noticed Blork the orc
  3667 | D:4      | Killed Blork the orc
  3668 | D:4      | Reached skill level 1 in Transmutations
  3668 | D:4      | Reached XP level 6. HP: 27/36 MP: 1/9
  3806 | D:4      | Learned a level 2 spell: Passwall
  4039 | D:4      | Reached skill level 1 in Short Blades
  4276 | D:4      | Noticed Dowan
  4310 | D:4      | Killed Dowan
  4415 | D:4      | Noticed Duvessa
  4649 | D:4      | Reached XP level 7. HP: 40/40 MP: 5/10
  4726 | D:4      | HP: 2/40 [Duvessa/+0 short sword (14)]
  4733 | D:4      | Slain by Duvessa

Illustrated notes

Levels and vault maps discovered:
D:1:      evilmike_arrival_rings, layout_loops_ring, minmay_fountain_box,
          roderic_lattice_a
D:2:      layout_loops_corners, ebering_ecumenical_altar_rust,
          hangedman_abyss_or_decor_lesser_grid, minmay_between
D:3:      layout_loops_ring, mainiacjoe_overflow_paths, serial_forest,
          infiniplex_forest_split, infiniplex_forest_clump_tiny,
          infiniplex_forest_lined_2, infiniplex_forest_straight_4,
          infiniplex_forest_clump_tiny, infiniplex_forest_lined_4_way,
          infiniplex_forest_clump_tiny
D:4:      layout_loops_ring, uniq_blork_the_orc, uniq_duvessa, uniq_ijyb

Skill      XL: |  1  2  3  4  5  6 |
---------------+-------------------+-----
Armour         | 1 2 3 4 |  4.4
Fighting       | 1 2 |  2.8
Maces & Flails | 1 2 |  2.0
Axes           | 1 |  1.4
Transmutations | 1 |  1.7
Earth Magic    | 4 |  4.4
Short Blades   | 1 |  1.6
Dodging        | |  1.5
Stealth        | |  2.1
Spellcasting   | |  2.3

Action                   |  1- 3 |  4- 6 |  7- 9 || total
-------------------------+-------+-------+-------++-------
Melee: Dagger            |   108 |   183 |     4 ||   295
       Punch             |       |     3 |       ||     3
 Cast: Sandblast         |     5 |    30 |     5 ||    40
  Use: Scroll            |       |     9 |     1 ||    10
       Potion            |       |     2 |     3 ||     5
 Stab: Sleeping          |     3 |     2 |       ||     5
Armor: Robe              |    11 |       |       ||    11
       Chain mail        |    19 |       |       ||    19
       Leather armour    |    24 |    99 |       ||   123
       Ring mail         |       |    17 |     3 ||    20
Dodge: Dodged            |    60 |   141 |     4 ||   205
